 Dungeon Crawl Stone Soup version 0.31.0-12-g77e489cdc1 (webtiles) character file.

Game seed: 16936634336914936526

15 Anriel the Magician (level 2, -5/15 HPs)
             Began as a Deep Elf Hedge Wizard on Feb 28, 2024.
             Killed from afar by Sigmund (13 damage)
             ... with a puff of flame
             ... on level 2 of the Dungeon.
             The game lasted 00:05:54 (800 turns).

Anriel the Magician (Deep Elf Hedge Wizard)          Turns: 800, Time: 00:05:55

Health: -5/15      AC:  2    Str:  7    XL:     2   Next: 34%
Magic:  6/9        EV: 12    Int: 18    God:
Gold:   52         SH:  0    Dex: 14    Spells: 4/10 levels left

rFire   . . .        a - +0 dagger
rCold   . . .        (no shield)
rNeg    . . .        b - +0 robe
rPois   .            c - +0 hat
rElec   .            (no cloak)
rCorr   .            (no gloves)
SInv    .            (no boots)
Will    .....        f - amulet of reflection
Stlth   +            (no ring)
HPRegen 0.22/turn    (no ring)
MPRegen 0.11/turn

%: reflection
@: confused
A: no striking features
a: no special abilities


You were on level 2 of the Dungeon.
You visited 1 branch of the dungeon, and saw 2 of its levels.

You collected 52 gold pieces.

Inventory:

Hand Weapons
 a - a +0 dagger (weapon)
Armour
 b - a +0 robe (worn)
 c - a +0 hat (worn)
Jewellery
 f - an amulet of reflection (around neck)
Potions
 d - a potion of magic
 g - a potion of heal wounds


   Skills:
 - Level 2.4 Dodging
 - Level 2.4 Stealth
 + Level 4.6 Spellcasting
 * Level 1.9 Conjurations
 + Level 1.5 Summonings
 + Level 1.5 Translocations


You had 4 spell levels left.
You knew the following spells:

 Your Spells              Type           Power      Damage    Failure   Level
a - Magic Dart            Conj           44%        1d5       6%          1
b - Blink                 Tloc           18%        N/A       12%         2
c - Call Imp              Summ           18%        N/A       12%         2
d - Slow                  Hex            16%        N/A       14%         1

Your spell library contained the following spells:

 Spells                   Type           Power      Damage    Failure   Level
 Cigotuvi's Dreadful Rot  Necr/Alch/Air  8%         N/A       22%         2
 Mephitic Cloud           Conj/Alch/Air  6%         N/A       32%         3


Dungeon Overview and Level Annotations

Branches:
Dungeon (2/15)

Altars:

Annotations:
D:2 Sigmund


Message History

Sigmund closely misses your cerulean imp.
Your cerulean imp barely misses Sigmund.
Sigmund hits your cerulean imp with a +0 scythe.
Your cerulean imp hits Sigmund with a -4 spear.
Your cerulean imp hits Sigmund with a -4 spear.
Sigmund closely misses your cerulean imp.
Your cerulean imp hits Sigmund with a -4 spear.
Your cerulean imp barely misses Sigmund.
Sigmund points at you and mumbles some strange words.
Your cerulean imp easily resists.
Your cerulean imp barely misses Sigmund.
Sigmund hits your cerulean imp with a +0 scythe!
Your cerulean imp dies!
Your cerulean imp disappears in a puff of smoke!
Casting: Call Imp (safe; 12% risk of failure)
Confirm with . or Enter, or press ? or * to list all spells.
A tiny devil pulls itself out of the air.
Casting: Call Imp (safe; 12% risk of failure)
Confirm with . or Enter, or press ? or * to list all spells.
Aiming: Magic Dart (safe; 6% risk of failure)
Press: ? - help, Shift-Dir - straight line, f - Sigmund
Aim: Sigmund, wielding a +0 scythe and wearing a +1 robe (heavily wounded, ally target, 100% to hit)
The magic dart hits Sigmund.
Sigmund is severely wounded.
Sigmund casts a spell at you.
You are confused.
Okay, then.
Sigmund smiles chillingly.
Sigmund gestures at you while chanting.
You are more confused.
You're too confused to cast spells.
Okay, then.
You're too confused to cast spells.
Sigmund hits you from afar with a +0 scythe!
Ouch! That really hurt!
Sigmund casts a spell at you. The puff of flame hits you!
Ouch! That really hurt!
You die...
Sigmund begins carving another notch in his scythe.

### ..# #.# . #5#
....####@# ......@..#
###.####.#######.#.##
#.....<.......
#.#######.#.## #.#
#.# #.. ###


You could see Sigmund (ally target) and a friendly cerulean imp (summoned).

Vanquished Creatures
  5 bats (D:1)
  A giant cockroach (D:1)
  3 hobgoblins (D:1)
  A ball python (D:1)
  A frilled lizard (D:1)
  2 kobolds (D:1)
  2 rats (D:1)
15 creatures vanquished.

Notes
Turn   | Place    | Note
-------+----------+-------------------------------------------
     0 | D:1      | Anriel the Deep Elf Hedge Wizard began the quest for the
                  | Orb.
     0 | D:1      | Reached XP level 1. HP: 10/10 MP: 7/7
   255 | D:1      | Reached XP level 2. HP: 11/15 MP: 0/9
   356 | D:1      | Learned a level 2 spell: Blink
   359 | D:1      | Learned a level 2 spell: Call Imp
   361 | D:1      | Learned a level 1 spell: Slow
   778 | D:2      | Noticed Sigmund
   800 | D:2      | Killed from afar by Sigmund

Illustrated notes

Levels and vault maps discovered:
D:1:      sevenhm_arrival_forest_fort_small_5, layout_rooms
D:2:      layout_loops_ring, basic_altar, uniq_sigmund, uniq_jessica

Action                     || total
---------------------------++-------
  Melee: Dagger            ||    11
   Cast: Magic Dart        ||    30
         Call Imp          ||     2
    Use: Scroll            ||     2
 Armour: Robe              ||    11
  Dodge: Dodged            ||    19
